 Dungeon Crawl Stone Soup version 0.29-a0-378-gc08b2e8bf8 (webtiles) character file.

Game seed: 17007716621170277401

95 asterach the Shield-Bearer (level 4, -1/24 HPs)
             Began as a Vine Stalker Fighter on May 4, 2022.
             Was a Follower of Wu Jian.
             Killed by divine providence
             ... invoked by an orc priest
              (8 damage)
             ... on level 3 of the Dungeon.
             The game lasted 00:06:52 (2014 turns).

asterach the Shield-Bearer (Vine Stalker Fighter)   Turns: 2014, Time: 00:06:55

Health: -1/24      AC:  6    Str: 20    XL:     4   Next: 65%
Magic:  0/14       EV:  9    Int:  8    God:    Wu Jian [*.....]
Gold:   145        SH:  5    Dex: 14    Spells: 3/3 levels left

rFire   . . .      SeeInvis .     - Unarmed
rCold   . . .      Faith    .   b - +0 buckler
rNeg    . . .      Spirit   +   a - +0 scale mail
rPois   .          Reflect  .   (no helmet)
rElec   .          Harm     .   (no cloak)
rCorr   .          Rampage  .   (no gloves)
Will    .....                   (no boots)
Stlth   ..........              (no amulet)
HPRegen 0.88/turn               m - ring of magical power
MPRegen 0.14/turn               (no ring)

@: no status effects
A: fangs 2, regeneration 1, magic shield, antimagic bite, no potion heal 2
a: Renounce Religion


You were on level 3 of the Dungeon.
You worshipped Wu Jian.
Wu Jian was aware of your devotion.
You visited 1 branch of the dungeon, and saw 4 of its levels.

You collected 145 gold pieces.

Inventory:

Hand Weapons
 e - a +0 dagger
 f - a +0 short sword
Armour
 a - a +0 scale mail (worn)
 b - a +0 buckler (worn)
Jewellery
 i - a ring of fire
 m - a ring of magical power (left hand)
Scrolls
 d - 2 scrolls of identify {unknown}
 g - a scroll of noise {unknown}
 h - 2 scrolls of enchant armour {unknown}
 k - 2 scrolls of brand weapon {unknown}
 n - a scroll of immolation {unknown}
 p - a scroll of blinking {unknown}
 t - a scroll of fear {unknown}
 w - a scroll of magic mapping {unknown}
Potions
 c - a potion of might
 j - a potion of invisibility {unknown}
 l - a potion of lignification {unknown}
 o - 2 potions of mutation {unknown}
 q - a potion of flight {unknown}
 r - a potion of degeneration {unknown}
 s - a potion of curing {unknown}
 u - a potion of attraction {unknown}
 v - a potion of magic {unknown}


   Skills:
 + Level 3.1 Fighting
 + Level 2.9 Armour
 + Level 0.3 Dodging
 + Level 0.3 Stealth
 + Level 3.4 Shields
 + Level 2.9 Unarmed Combat


You had 3 spell levels left.
You didn't know any spells.
Your spell library contained the following spells:

 Spells                   Type           Power      Damage    Failure   Level
 Frozen Ramparts          Ice            0%         1d2       99%         3
 Ice Form                 Ice/Tmut       0%         N/A       100%        4
 Summon Ice Beast         Ice/Summ       0%         N/A       100%        4


Dungeon Overview and Level Annotations

Branches:
Dungeon (4/15)
 Temple: D:4-7

Altars:
Nemelex Xobeh
Wu Jian

Annotations:
D:3 Grinder


Innate Abilities, Weirdness & Mutations

You have extremely sharp teeth.
Your natural rate of healing is unusually fast.
When hurt, damage is shared between your health and your magic reserves.
Your bite disrupts and absorbs the magic of your enemies.
Potions cannot restore your health.


Message History

The ufetubus hits you. You block the ufetubus's attack.
The orc priest hits you but does no damage.
You hit the orc priest.
The orc priest is heavily wounded.
The ufetubus hits you but does no damage.
The ufetubus misses you.
The orc priest invokes the aid of Beogh against you.
Pain shoots through your body! The ufetubus closely misses you.
The ufetubus hits you but does no damage.
You hit the orc priest but do no damage.
The orc priest is heavily wounded.
The ufetubus barely misses you. You block the ufetubus's attack.
The orc priest closely misses you.
You hit the orc priest.
You bite the orc priest, but do no damage.
The orc priest is heavily wounded.
The ufetubus hits you. The ufetubus misses you.
The orc priest hits you but does no damage.
The ufetubus barely misses you. The ufetubus hits you.
You hit the orc priest but do no damage.
You bite the orc priest. You drain its power.
You feel invigorated.
The orc priest is severely wounded.
The ufetubus closely misses you. You block the ufetubus's attack.
The orc priest invokes the aid of Beogh against you.
Beogh smites you!
* * * LOW HITPOINT WARNING * * *
You hit the orc priest but do no damage.
The orc priest is severely wounded.
The ufetubus barely misses you. The ufetubus hits you.
* * * LOW HITPOINT WARNING * * *
The orc priest hits you but does no damage.
The ufetubus hits you but does no damage. x2
Okay, then.
You spin and attack the ufetubus.
You barely miss the ufetubus. Your bite misses the ufetubus.
The ufetubus hits you.
* * * LOW HITPOINT WARNING * * *
The ufetubus hits you but does no damage.
The orc priest mumbles some strange prayers to Beogh against you.
Beogh smites you!
You die...

#.##.#.# #.....#
#.##.#.####<##
#.##.#.......#######
#...................
####.###.###.#######
#.# #.# #.# #o# #.#
#.# #>###.# #.#
#@5...# #.########
####### #.....>...
########## # #


You could see an orc priest and an ufetubus.

Vanquished Creatures
  A hound (D:3)
  2 adders
  3 orcs (D:3)
  4 ball pythons
  2 bats (D:2)
  An endoplasm (D:3)
  4 giant cockroaches
  3 goblins
  2 hobgoblins
  4 jackals (D:1)
  2 quokkas
  A frilled lizard (D:3)
  6 kobolds
  6 rats
41 creatures vanquished.

Notes
Turn   | Place    | Note
-------+----------+-------------------------------------------
     0 | D:1      | asterach the Vine Stalker Fighter began the quest for the
                  | Orb.
     0 | D:1      | Reached XP level 1. HP: 11/11 MP: 2/2
   425 | D:1      | Reached XP level 2. HP: 15/16 MP: 3/3
  1088 | D:2      | Reached XP level 3. HP: 19/19 MP: 4/4
  1207 | D:2      | Found a sparkling altar of Nemelex Xobeh.
  1426 | D:3      | Gained mutation: Your natural rate of healing is unusually
                  | fast. [Vine Stalker growth]
  1426 | D:3      | Reached XP level 4. HP: 15/24 MP: 5/5
  1491 | D:3      | Found a faded altar of an unknown god.
  1495 | D:3      | Prayed at the altar of an unknown god.
  1495 | D:3      | Became a worshipper of the Wu Jian Council
  1495 | D:3      | Reached * piety under Wu Jian
  1895 | D:3      | Noticed Grinder
  2014 | D:3      | Killed from afar by an orc priest

Illustrated notes

Levels and vault maps discovered:
D:1:      lightli_iron_boxes, layout_rooms
D:2:      layout_basic, basic_altar, hangedman_decor_growths,
          minmay_misc_feat_doors
D:3:      layout_loops_ring, shapermc_ecumenical_altar_venn, uniq_grinder
D:4:      layout_basic, nicolae_elyvilon_temple_path,
          nemelex_spade_bored_becter, kennysheep_vampire_church, uniq_pikel

Skill      XL: |  1  2  3 |
---------------+----------+-----
Shields        | 3 |  3.4
Fighting       | 3 |  3.1
Armour         | |  2.9
Dodging        | |  0.3
Stealth        | |  0.3
Unarmed Combat | |  2.9

Action                   |  1- 3 |  4- 6 || total
-------------------------+-------+-------++-------
Melee: Unarmed           |    93 |    76 ||   169
       Bite              |    17 |    18 ||    35
Invok: Lunge             |       |     2 ||     2
       Whirlwind         |       |     1 ||     1
Armor: Scale mail        |    28 |    35 ||    63
Dodge: Dodged            |    37 |    44 ||    81
Block: Buckler           |    26 |    23 ||    49

Table legend: (Time is in decaauts)
 A = Elapsed time spent in this place.
 B = Non-inter-level travel time spent in this place.
 C = Inter-level travel time spent in this place.
 D = Time resting spent in this place.
 E = Time spent auto-exploring this place.
 F = Levels seen in this place.
 G = Mean time per level.
                   A        B        C        D        E       F      G
               +--------+--------+--------+--------+--------+-----+--------+
         Total |   2014 |   1988 |     26 |      9 |   1558 |   4 |  503.5 |
       Dungeon |   2014 |   1988 |     26 |      9 |   1558 |   4 |  503.5 |
               +--------+--------+--------+--------+--------+-----+--------+

Top non-repeatable levels by time:
     D:1: 736 daAuts
     D:2: 652 daAuts
     D:3: 617 daAuts
     D:4: 8 daAuts
